 Dungeon Crawl Stone Soup version 0.29-a0-22-gbf593b16ee (webtiles) character file.

Game seed: 14692949866104185380

15 horus123 the Magician (level 2, 0/19 HPs)
             Began as a Demonspawn Hedge Wizard on Jan 30, 2022.
             Slain by a bat (1 damage)
             ... on level 1 of the Dungeon.
             The game lasted 00:01:20 (496 turns).

horus123 the Magician (Demonspawn Hedge Wizard)      Turns: 496, Time: 00:01:21

Health: 0/19       AC:  3    Str: 10    XL:     2   Next: 34%
Magic:  1/6        EV: 12    Int: 15    God:
Gold:   31         SH:  0    Dex: 12    Spells: 7/8 levels left

rFire   . . .      SeeInvis .   d - +0 spear
rCold   . . .      Faith    .   (no shield)
rNeg    . . .      Spirit   .   b - +0 robe
rPois   .          Reflect  .   c - +0 hat
rElec   .          Harm     .   (no cloak)
rCorr   .          Rampage  .   (no gloves)
Will    .....                   f - +0 pair of boots
Stlth   ++........              (no amulet)
HPRegen 0.06/turn               (no ring)
MPRegen 0.10/turn               (no ring)

@: lethally poisoned (0 -> -5)
A: foul stench 1
a: no special abilities


You were on level 1 of the Dungeon.
You visited 1 branch of the dungeon, and saw 1 of its levels.

You collected 31 gold pieces.

Inventory:

Hand Weapons
 a - a +0 dagger
 d - a +0 spear (weapon)
 e - a +0 whip
Armour
 b - a +0 robe (worn)
 c - a +0 hat (worn)
 f - a +0 pair of boots (worn)


   Skills:
 - Level 1.7 Dodging
 - Level 1.7 Stealth
 + Level 3.7 Spellcasting
 - Level 1.0 Conjurations
 - Level 1.0 Summonings
 - Level 0.8 Translocations


You had 7 spell levels left.
You knew the following spells:

 Your Spells              Type           Power      Damage    Failure   Level
a - Magic Dart            Conj           20%        1d4       12%         1

Your spell library contained the following spells:

 Spells                   Type           Power      Damage    Failure   Level
 Slow                     Hex            8%         N/A       19%         1
 Call Imp                 Summ           5%         N/A       19%         2
 Blink                    Tloc           10%        N/A       21%         2
 Conjure Flame            Conj/Fire      4%         6-21      41%         3
 Mephitic Cloud           Conj/Pois/Air  3%         N/A       43%         3


Dungeon Overview and Level Annotations

Branches:
Dungeon (1/15)

Altars:


Innate Abilities, Weirdness & Mutations

You may rarely emit foul miasma when damaged in melee.


Message History

The kobold shouts!
The hobgoblin shouts!
You hear a shout!
You hear an angry hiss.
The magic dart hits the kobold but does no damage.
A ball python comes into view.
The magic dart hits the kobold but does no damage.
The kobold throws a stone.
The stone barely misses you.
The magic dart hits the kobold but does no damage.
The kobold throws a stone.
The stone closely misses you.
The magic dart hits the kobold.
The kobold is moderately wounded.
The kobold throws a stone.
The stone closely misses you.
The magic dart hits the kobold.
The kobold is heavily wounded.
You are too depleted to draw on your mana recklessly!
You are too depleted to draw on your mana recklessly!
You are too depleted to draw on your mana recklessly!
A bat comes into view.
Found a green potion.
A goblin comes into view. It is wielding a +0 dagger.
The kobold throws a stone.
The stone hits you.
You reach to attack!
You barely miss the kobold.
The kobold is moderately wounded.
You hit the kobold.
The kobold is severely wounded.
The kobold hits you but does no damage.
You are poisoned.
You hit the kobold but do no damage.
The kobold is severely wounded.
You feel very sick. The kobold hits you but does no damage.
You are lethally poisoned!
You feel very sick.
You feel very sick.
* * * LOW HITPOINT WARNING * * *
You feel sick.
* * * LOW HITPOINT WARNING * * *
You feel sick.
* * * LOW HITPOINT WARNING * * *
You feel sick. The bat hits you.
You die...

....##.#......
.)..##.#....####.#
.......#.........#
.....###....####.#
.................+
##...###.###.###†#
.................#
.........####.#..#####
########## #.#.@....#
#..b.....# ##.#K#####
#.#g# #.S.# ##.g#
..........#
###.......# #.##..>.#


You could see a hobgoblin, a goblin, a bat, a ball python and a kobold.

Vanquished Creatures
  2 dart slugs (D:1)
  2 endoplasms (D:1)
  A hobgoblin (D:1)
  2 ball pythons (D:1)
  2 bats (D:1)
  A frilled lizard (D:1)
  A kobold (D:1)
  A rat (D:1)
12 creatures vanquished.

Notes
Turn   | Place    | Note
-------+----------+-------------------------------------------
     0 | D:1      | horus123 the Demonspawn Hedge Wizard began the quest for
                  | the Orb.
     0 | D:1      | Reached XP level 1. HP: 13/13 MP: 4/4
   209 | D:1      | Gained mutation: You may rarely emit foul miasma when
                  | damaged in melee. [demonic ancestry]
   209 | D:1      | Reached XP level 2. HP: 16/19 MP: 2/6
   496 | D:1      | Slain by a bat

Illustrated notes

Levels and vault maps discovered:
D:1:      dpeg_arrival_lava_temple_mockup, layout_basic, serial_rivers,
          chequers_serial_rivers_room_b, chequers_serial_rivers_small_b,
          chequers_serial_rivers_marsh, chequers_serial_rivers_micro_a,
          minmay_pentomino_u4

Action                   || total
-------------------------++-------
Melee: Whip              ||     9
       Spear             ||     4
 Cast: Magic Dart        ||    32
  Use: Scroll            ||     1
Armor: Robe              ||     3
Dodge: Dodged            ||    10

Table legend: (Time is in decaauts)
 A = Elapsed time spent in this place.
 B = Non-inter-level travel time spent in this place.
 C = Inter-level travel time spent in this place.
 D = Time resting spent in this place.
 E = Time spent auto-exploring this place.
 F = Levels seen in this place.
 G = Mean time per level.
                   A        B        C        D        E       F      G
               +--------+--------+--------+--------+--------+-----+--------+
         Total |    495 |    495 |      0 |      0 |    403 |   1 |  495.0 |
       Dungeon |    495 |    495 |      0 |      0 |    403 |   1 |  495.0 |
               +--------+--------+--------+--------+--------+-----+--------+

Top non-repeatable levels by time:
     D:1: 495 daAuts
